 Dungeon Crawl Stone Soup version 0.17-a0-1479-g4041c36 (webtiles) character file.

201 amnekian the Changer (level 5, -6/39 HPs)
             Began as an Octopode Transmuter on July 3, 2015.
             Killed from afar by cireshan's ghost (9 damage)
             ... with a magic dart
             ... on level 4 of the Dungeon.
             The game lasted 00:12:06 (4370 turns).

amnekian the Changer (Octopode Transmuter)          Turns: 4370, Time: 00:12:06

Health: -6/39      AC:  6    Str:  9    XL:     5   Next: 79%
Magic:  11/17      EV: 10    Int: 24    God:
Gold:   210        SH:  0    Dex: 13    Spells: 3 memorised, 1 level left

rFire  x . .     SeeInvis .       - Unarmed
rCold  + + +     Clarity  .     (shield currently unavailable)
rNeg   . . .     SustAt   .     (helmet currently unavailable)
rPois  +         Gourm    .     (no amulet)
rElec  .         Spirit   .     g - ring "Veskuu" {MP+9 Int+6}
rCorr  .         Warding  .     D - +2 ring of intelligence
rMut   .         Stasis   .     (no ring)
MR     .....                    (no ring)
Stlth  +.........               (no ring)
                                (no ring)
                                (no ring)
                                (no ring)

@: ice-form, very slightly contaminated, not resistant to hostile enchantments,
very unstealthy
A: almost no armour, amphibious, 8 rings, (constrict 8), (camouflage 0),
(gelatinous body 0)
a: End Transformation


You were on level 4 of the Dungeon.
You were hungry.
You were a creature of crystalline ice.
You visited 1 branch of the dungeon, and saw 4 of its levels.

You collected 210 gold pieces.

Inventory:

Hand weapons
 b - a +0 hunting sling
 E - a +0 blowgun
Missiles
 a - 57 arrows
 e - 322 stones (quivered)
 f - 8 poisoned needles
 w - 6 tomahawks
 x - 22 sling bullets
 y - 18 exploding sling bullets
Jewellery
 g - the ring "Veskuu" (left front paw) {MP+9 Int+6}
   (You acquired it on level 4 of the Dungeon)

   [ring of magical power]

   It affects your intelligence (+6).
   It affects your magic capacity (+9).
 D - a +2 ring of intelligence (right front paw)
Scrolls
 i - a scroll of remove curse
 m - 4 scrolls of enchant armour {unknown}
 o - 2 scrolls of blinking {unknown}
 p - a scroll of noise {unknown}
 q - 5 scrolls of identify {unknown}
 t - 2 scrolls of teleportation {unknown}
Potions
 h - a potion of agility {unknown}
 l - a potion of ambrosia {unknown}
 r - a potion of magic {unknown}
 v - a potion of might {unknown}
 z - 2 potions of poison {unknown}
 A - 3 potions of heal wounds {unknown}
 B - 3 potions of curing {unknown}
 C - 2 potions of mutation {unknown}
Books
 s - a book of Changes

   Spells                             Type                      Level
   a - Beastly Appendage              Transmutation                1
   b - Sticks to Snakes               Transmutation                2
   c - Spider Form                    Transmutation/Poison         3
   d - Ice Form                       Ice/Transmutation            4
   e - Blade Hands                    Transmutation                5
Comestibles
 c - 2 bread rations
 d - a beef jerky
 k - a slice of pizza
 n - 2 meat rations


   Skills:
 - Level 1.0 Fighting
 - Level 2.0 Dodging
 * Level 0.0 Stealth
 - Level 3.0 Unarmed Combat
 - Level 2.0 Spellcasting
 - Level 4.5 Transmutations
 - Level 3.3 Ice Magic


You had one spell level left.
You knew the following spells:

 Your Spells              Type           Power        Failure   Level  Hunger
a - Beastly Appendage     Trmt           ###...       1%          1    #......
b - Sticks to Snakes      Trmt           ###.......   2%          2    ##.....
c - Ice Form              Ice/Trmt       ###.....     28%         4    #####..


Dungeon Overview and Level Annotations

Branches:
Dungeon (4/15)
 Temple: D:4-7

Altars:

Annotations:
D:4 Menkaure; cireshan's ghost, average DECj


Innate Abilities, Weirdness & Mutations

You cannot wear most types of armour.
You are amphibious.
You can wear up to eight rings at the same time.
((You can use your tentacles to constrict eight enemies at once.))
((Your skin changes colour to match your surroundings (Stealth).))
((Your rubbery body absorbs attacks (AC +1).))


Message History

Cireshan's ghost is moderately damaged.
Cireshan's ghost points at you and mumbles some strange words.
The magic dart hits you!
You punch cireshan's ghost! You freeze cireshan's ghost.
Cireshan's ghost is severely damaged.
Cireshan's ghost hits you.
You barely miss cireshan's ghost.
Cireshan's ghost is severely damaged.
Cireshan's ghost points at you and mumbles some strange words.
The magic dart hits you!
You hit cireshan's ghost but do no damage.
Cireshan's ghost is severely damaged.
Cireshan's ghost points at you and mumbles some strange words.
The magic dart hits you!
* * * LOW HITPOINT WARNING * * *
You barely miss cireshan's ghost.
Cireshan's ghost is severely damaged.
Cireshan's ghost gestures at you while chanting.
The magic dart hits you!
You die...

###.# ####.....### #.#
##....# #.########...)#
#............)######
##########.........#
##########...##.####.#
.......W......#.#
####......###[..#####.###
##.###### ##.WY<.......
##..# ##.######### ##..##
...# #..## #....# ..##
#...... ..# #....... ..#
......... ..# #........
..#


You could see cireshan's ghost.

Vanquished Creatures
  Ijyb (D:2)
  A hound (D:4)
  2 worker ants (D:4)
  A worm (D:3)
  6 giant geckos
  4 orcs
  11 bats
  15 goblins
  13 hobgoblins
  3 jackals (D:2)
  2 quokkas (D:3)
  6 giant cockroaches
  A giant cockroach zombie (D:3)
  A giant newt (D:2)
  A jackal skeleton (D:4)
  10 kobolds
  11 rats
89 creatures vanquished.

Notes
Turn   | Place    | Note
--------------------------------------------------------------
     0 | D:1      | amnekian the Octopode Transmuter began the quest for the Orb.
     0 | D:1      | Reached XP level 1. HP: 13/13 MP: 3/3
   203 | D:1      | Reached XP level 2. HP: 18/18 MP: 5/5
   855 | D:1      | Reached XP level 3. HP: 23/23 MP: 6/6
  1713 | D:2      | Noticed Ijyb
  1736 | D:2      | Reached skill level 4 in Transmutations
  1799 | D:2      | Killed Ijyb
  1799 | D:2      | Reached XP level 4. HP: 25/28 MP: 7/7
  2309 | D:1      | Learned a level 4 spell: Ice Form
  2312 | D:1      | Learned a level 2 spell: Sticks to Snakes
  2886 | D:3      | Reached skill level 1 in Ice Magic
  3453 | D:4      | Noticed cireshan's ghost (average DECj)
  3826 | D:4      | Identified a scroll of acquirement
  3827 | D:4      | Got a sparkling amber ring
  3828 | D:4      | Identified the ring "Veskuu" {MP+9 Int+6} (You acquired it on level 4 of the Dungeon)
  3862 | D:4      | Reached XP level 5. HP: 23/33 MP: 2/8
  3918 | D:4      | Noticed Menkaure
  4370 | D:4      | Killed from afar by cireshan's ghost

Vault maps used:
D:1:      eino_arrival_water_star
D:2:      kennysheep_goblin_castle, first_bread
D:3:      kennysheep_generic_room_9
D:4:      gup_sewer_entry_pipe, serial_shops, shop, uniq_menkaure

Action                   |  1- 3 |  4- 6 || total
-------------------------+-------+-------++-------
Melee: Unarmed           |    90 |    98 ||   188
 Fire: Hunting sling     |    77 |    27 ||   104
Throw: Stone             |     1 |       ||     1
 Cast: Beastly Appendage |     4 |     7 ||    11
       Ice Form          |       |     3 ||     3
  Use: Scroll            |       |     5 ||     5
 Stab: Sleeping          |     5 |     3 ||     8
  Eat: Chunk             |     3 |     4 ||     7
       Bread ration      |       |     1 ||     1
